 Dungeon Crawl Stone Soup version bcrawl-1.12-5-g74a5124548 (webtiles) character file.

Game seed: 15689774280324538128

634 Szarrukin the Changer (level 7, -1/51 HPs)
             Began as an Octopode Transmuter on May 31, 2019.
             Slain by an orc wizard
             ... wielding a +0 dagger
              (5 damage)
             ... on level 5 of the Dungeon.
             The game lasted 00:17:58 (5273 turns).

Szarrukin the Changer (Octopode Transmuter)         Turns: 5273, Time: 00:17:59

Health: -1/51      AC:  6    Str:  9    XL:     7   Next: 49%
Magic:  7/10       EV: 10    Int: 18    God:
Gold:   307        SH:  0    Dex: 12    Spells: 5/10 levels left

rFire    x . .     SeeInvis .     - Unarmed
rCold    + + +     Gourm    .   (shield currently unavailable)
rNeg     . . .     Faith    .   (helmet currently unavailable)
rPois    +         Spirit   .   (cloak currently unavailable)
rElec    .         Reflect  .   (no amulet)
rCorr    .         Harm     .   (no ring)
MR       .....                  (no ring)
Stlth    +.........             (no ring)
HPRegen  0.17/turn              (no ring)
MPRegen  0.12/turn              (no ring)
                                (no ring)
                                (no ring)
                                (no ring)

@: ice-form
A: large, almost no armour, stealthy swim, amphibious, 8 rings, (constrict 8)
a: End Transformation


You were on level 5 of the Dungeon.
You were near starving.
You were a creature of crystalline ice.
You visited 2 branches of the dungeon, and saw 6 of its levels.

You collected 307 gold pieces.

Inventory:

Missiles
 a - 594 arrows
Jewellery
 m - an uncursed ring of stealth {unknown}
Scrolls
 b - a scroll of amnesia {unknown}
 e - 3 scrolls of teleportation {unknown}
 f - 4 scrolls of remove curse {unknown}
 g - 3 scrolls of enchant weapon {unknown}
 j - 3 scrolls of immolation {unknown}
 k - a scroll of fear {unknown}
 l - a scroll of noise {unknown}
 p - 3 scrolls of identify {unknown}
 q - a scroll of magic mapping {unknown}
 r - 2 scrolls of blinking {unknown}
 u - a scroll of enchant armour {unknown}
Potions
 c - a potion of lignification
 h - a potion of curing {unknown}
 i - a potion of degeneration {unknown}
 n - a potion of brilliance {unknown}
 o - a potion of heal wounds {unknown}
 s - a potion of agility {unknown}
 t - a potion of haste {unknown}
Comestibles
 d - 6 rations {!d}


   Skills:
 - Level 1.0 Fighting
 - Level 2.0 Dodging
 + Level 3.4 Unarmed Combat
 - Level 2.0 Spellcasting
 - Level 5.7 Transmutations
 - Level 5.1 Ice Magic


You had 5 spell levels left.
You knew the following spells:

 Your Spells              Type           Power        Failure   Level  Hunger
a - Beastly Appendage     Tmut           ###...       1%          1    #......
b - Ice Form              Ice/Tmut       ###.....     19%         4    #####..

Your spell library contained the following spells:

 Spells                   Type           Power        Failure   Level  Hunger
 Sticks to Snakes         Tmut           ###.....     2%          2    ###....
 Spider Form              Tmut/Pois      ##........   17%         3    ###....
 Blade Hands              Tmut           ###.......   43%         5    ######.


Dungeon Overview and Level Annotations

Branches:
Dungeon (5/12)             Temple (1/1) D:4

Altars:
Ashenzari
Elyvilon
Gozag
Lugonu
Makhleb
Nemelex Xobeh
Qazlal
Ru
Sif Muna
Trog
Uskayaw
Vehumet
Wu Jian
Xom
Yredelemnul
Zin
The Shining One


Innate Abilities, Weirdness & Mutations

You cannot wear most types of armour.
You are very stealthy in the water. (Stealth+)
You are amphibious.
You can wear up to eight rings at the same time.
((You can use your tentacles to constrict eight enemies at once.))
((Your skin changes colour to match your surroundings (Stealth+).))
((Your rubbery body absorbs attacks. (AC +1, EV +1)))


Message History

The orc barely misses you. The orc wizard barely misses you.
The orc priest hits you from afar with a +0 trident.
* * * LOW HITPOINT WARNING * * *
The orc wizard hits you but does no damage.
You hit the orc wizard. You freeze the orc wizard.
You kill the orc wizard!
The orc hits you with a +0 club.
* * * LOW HITPOINT WARNING * * *
The orc hits you from afar with a +0 trident.
* * * LOW HITPOINT WARNING * * *
The orc wizard hits you but does no damage.
The orc priest hits you from afar with a +0 trident.
* * * LOW HITPOINT WARNING * * *
You hit the orc wizard. You freeze the orc wizard.
The orc wizard is lightly wounded.
The orc hits you with a +0 club.
* * * LOW HITPOINT WARNING * * *
The orc barely misses you.
The orc wizard hits you with a +0 dagger.
You die...

#.#######.|.#
##...##.####
##.#################.##.#
#..#..............##.##.#
#..'...............####.#
#..#................###.#
##.##############(...# .#
#.# ##...#
#.##############....#
#.#.....o)Y........##
#.+.....ooo.......##
###..............##
###############


You could see an orc priest, an orc wizard and 2 orcs.

Vanquished Creatures
  Eustachio (D:5)
  A phantom (D:4)
  A water moccasin skeleton (D:3)
  3 orc wizards
  An iguana (D:5)
  3 worker ants
  A hound skeleton (D:3)
  5 adders
  An ooze (D:1)
  2 adder skeletons
  6 worms
  5 dart slugs
  4 leopard geckos
  7 orcs
  A ball python (D:3)
  3 giant cockroaches
  9 goblins
  5 hobgoblins
  4 jackals (D:1)
  11 kobolds
  2 quokkas
  5 bats
  4 frilled lizards
  A quokka skeleton (D:4)
  7 rats
93 creatures vanquished.

Notes
Turn   | Place    | Note
-------+----------+-------------------------------------------
     0 | D:1      | Szarrukin the Octopode Transmuter began the quest for the
                  | Orb.
     0 | D:1      | Reached XP level 1. HP: 13/13 MP: 3/3
    64 | D:1      | Found a shimmering altar of Xom.
   277 | D:1      | Reached XP level 2. HP: 9/18 MP: 3/5
  1077 | D:1      | Reached XP level 3. HP: 23/23 MP: 6/6
  1950 | D:2      | Reached XP level 4. HP: 28/28 MP: 7/7
  1963 | D:2      | Learned a level 4 spell: Ice Form
  2310 | D:2      | Reached skill level 1 in Ice Magic
  2321 | D:2      | Found an ornate altar of the Wu Jian Council.
  2406 | D:3      | Reached XP level 5. HP: 28/33 MP: 5/8
  3347 | D:3      | Reached XP level 6. HP: 38/38 MP: 0/9
  3842 | D:4      | Found a burning altar of Makhleb.
  3876 | D:4      | Found a staircase to the Ecumenical Temple.
  3884 | Temple   | Entered the Ecumenical Temple
  4328 | D:4      | Noticed a phantom
  4344 | D:4      | Killed a phantom
  4344 | D:4      | Reached skill level 5 in Ice Magic
  4794 | D:5      | Entered Level 5 of the Dungeon
  4985 | D:5      | Reached XP level 7. HP: 43/43 MP: 6/10
  5090 | D:5      | Noticed Eustachio
  5102 | D:5      | Killed Eustachio
  5102 | D:5      | Reached skill level 5 in Transmutations
  5273 | D:5      | Slain by an orc wizard

Skill      XL: |  1  2  3  4  5  6  7 |
---------------+----------------------+-----
Transmutations | 3 4 5 |  5.7
Ice Magic      | 2 4 5 |  5.1
Fighting       | |  1.0
Dodging        | |  2.0
Unarmed Combat | |  3.4
Spellcasting   | |  2.0

Action                   |  1- 3 |  4- 6 |  7- 9 || total
-------------------------+-------+-------+-------++-------
Melee: Unarmed           |    97 |   129 |    23 ||   249
       Constrict         |    34 |    16 |     2 ||    52
       Kick              |     8 |     7 |       ||    15
       Tentacles         |    15 |     8 |     3 ||    26
       Punch             |     3 |       |       ||     3
 Cast: Beastly Appendage |     8 |     6 |       ||    14
       Ice Form          |       |    12 |     3 ||    15
  Use: Potion            |     1 |       |       ||     1
 Stab: Sleeping          |     3 |     4 |       ||     7
       Distracted        |     1 |       |       ||     1
  Eat: Chunk             |     3 |    10 |       ||    13
       Ration            |       |     1 |       ||     1
Armor: Skin              |     7 |    26 |     7 ||    40
Dodge: Dodged            |    59 |    69 |     8 ||   136
